 Dungeon Crawl Stone Soup version 0.29.0-4-gdea44cf6ec (webtiles) character file.

Game seed: 13435054921852020079

39 qw the Chopper (level 3, -1/21 HPs)
             Began as a Tengu Warper on Aug 28, 2022.
             Slain by a jelly (3 damage)
             ... on level 2 of the Dungeon.
             The game lasted 00:00:07 (1379 turns).

qw the Chopper (Tengu Warper)                       Turns: 1379, Time: 00:00:07

Health: -1/21      AC:  2    Str: 13    XL:     3   Next: 45%
Magic:  7/7        EV:  9    Int: 13    God:
Gold:   157        SH:  0    Dex: 13    Spells: 6/6 levels left

rFire   . . .      SeeInvis .   Y - +0 hand axe
rCold   . . .      Faith    .   (no shield)
rNeg    . . .      Spirit   .   l - +0 scale mail
rPois   .          Reflect  .   (helmet restricted)
rElec   .          Harm     .   (no cloak)
rCorr   .          Rampage  .   (no gloves)
Will    .....                   (boots unavailable)
Stlth   ..........              (no amulet)
HPRegen 0.07/turn               (no ring)
MPRegen 0.10/turn               (no ring)

@: corroded
A: beak, talons 3
a: no special abilities


You were on level 2 of the Dungeon.
You visited 1 branch of the dungeon, and saw 2 of its levels.

You collected 157 gold pieces.


Innate Abilities, Weirdness & Mutations

You have a beak for a mouth.
You have claws for feet.


   Skills:
 - Level 2.0 Fighting
 + Level 4.1 Axes
 - Level 1.0 Throwing
 - Level 1.1 Armour
 - Level 2.1 Dodging
 - Level 2.0 Spellcasting
 - Level 2.4 Translocations


You had 6 spell levels left.
You didn't know any spells.
Your spell library contained the following spells:

 Spells                   Type           Power      Damage    Failure   Level
 Blink                    Tloc           14%        N/A       56%         2
 Gell's Gravitas          Tloc           7%         N/A       80%         3
 Lesser Beckoning         Tloc           7%         N/A       80%         3
 Teleport Other           Tloc           7%         N/A       80%         3
 Manifold Assault         Tloc           7%         N/A       100%        5

Inventory:

Hand Weapons
 c - a +0 mace of draining
 Y - a +0 hand axe (weapon)
Armour
 f - a +0 chain mail
 l - a +0 scale mail (worn)
Scrolls
 a - 4 scrolls of identify {unknown}
 b - a scroll of enchant armour {unknown}
Potions
 d - a potion of curing {unknown}
 e - a potion of might {unknown}
 g - a potion of lignification {unknown}
 h - 2 potions of degeneration {unknown}
 i - a potion of haste {unknown}
 j - a potion of ambrosia {unknown}
 n - a potion of attraction {unknown}
 o - a potion of invisibility {unknown}

Dungeon Overview and Level Annotations

Branches:
Dungeon (2/15)

Altars:


Message History

You hit the kobold.
You kill the kobold!
You hit the kobold.
The kobold is moderately wounded.
The kobold hits you but does no damage.
You hit the kobold.
You kill the kobold!
You start resting.
HP restored.
There is an open gate here.
Items here: %% ( )).
a - 4 scrolls labelled YGUXASS ASIRGH (gained 1)
You see here a +0 ring mail.
You now have 157 gold pieces (gained 15).
You open the door.
There is an open door here.
A kobold comes into view. It is wielding a +0 club.
You hit the kobold. You claw the kobold.
You kill the kobold!
Things that are here:
a +0 club; a kobold corpse You open the door.
A jelly and an endoplasm come into view.
The jelly quivers.
The endoplasm quivers.
Found a rat skeleton.
You hit the endoplasm but do no damage. You claw the endoplasm.
The endoplasm is heavily wounded.
The endoplasm barely misses you.
You hit the endoplasm. Your kick misses the endoplasm.
The endoplasm is almost dead.
You hit the jelly.
Your hands burn!
Your peck misses the jelly.
The jelly is moderately wounded.
You hit the jelly. The acid corrodes you!
Your hands burn!
You claw the jelly, but do no damage.
The jelly is heavily wounded.
The jelly hits you.
You are splashed with acid.
You hit the jelly.
Your hands burn!
You peck the jelly, but do no damage.
The jelly is heavily wounded.
The jelly hits you.
You die...

.# #....# #..# ###
.###....# P.##..#
#.# ........#
%.##..# #.######
###..#..#
..##..###.......
#.....#
P.###...........
###...# P.#
#.##.....###
#....# J.#
#.##.....# ##.#.#
#######J#
#.##.....#
#.#.###)....@#
#.##.....#
#.#.##.########
#.##....)#.#
####.#####..'....#
#.##.....#.#
#....# ####....#
#.###'####.#
#.#### #..[....#
#..##.# #... #.#
#.......# ##.##.#
#.. #.# #.......#
#....###.# #.#
#.......#
####...#.## #.#
##.....##
#####.#.....


You could see a jelly and an endoplasm.

Vanquished Creatures
  A gnoll (D:1)
  2 worms (D:2)
  2 bats (D:1)
  2 giant cockroaches (D:1)
  A goblin (D:2)
  3 hobgoblins
  8 kobolds
  A ball python (D:1)
  3 frilled lizards
  A rat (D:1)
24 creatures vanquished.

Vanquished Creatures (others)
  8 toadstools (D:2)
8 creatures vanquished.

Grand Total: 32 creatures vanquished

Notes
Turn   | Place    | Note
-------+----------+-------------------------------------------
     0 | D:1      | qw the Tengu Warper began the quest for the Orb.
     0 | D:1      | Reached XP level 1. HP: 12/12 MP: 4/4
     0 | D:1      | 0 ||| qw: Version: 0.1-a-89-g26bdef1
     0 | D:1      | 0 ||| qw: Game counter: 840
     0 | D:1      | 0 ||| qw: Always use a shield: true
     0 | D:1      | 0 ||| qw: God list: Okawaru
     0 | D:1      | 0 ||| qw: Allow faded altars: false
     0 | D:1      | 0 ||| qw: Do Orc after D:15 true
     0 | D:1      | 0 ||| qw: Do second Lair branch before Depths: true
     0 | D:1      | 0 ||| qw: Lair rune preference: random
     0 | D:1      | 0 ||| qw: Plans: Normal
     0 | D:1      | 0 ||| PLANNING D:1-11
   166 | D:1      | Reached skill level 3 in Axes
   166 | D:1      | Reached XP level 2. HP: 17/17 MP: 6/6
   274 | D:1      | 274 ||| DROPPING +0 club.
   415 | D:1      | Found a faded altar of an unknown god.
   535 | D:1      | 535 ||| UPGRADING to +0 ring mail.
   545 | D:1      | 545 ||| DROPPING +0 leather armour.
   546 | D:1      | 546 ||| UPGRADING to +0 scale mail.
   556 | D:1      | 556 ||| DROPPING +0 ring mail.
   557 | D:1      | 557 ||| READING scroll labelled DIC DIRHOPUV.
   558 | D:1      | 558 ||| READING scroll labelled XOPPAI WEYGIYGH.
   685 | D:1      | 685 ||| DROPPING scroll of blinking.
   961 | D:2      | Reached XP level 3. HP: 21/21 MP: 7/7
  1089 | D:2      | 1089 ||| DROPPING +0 mace.
  1200 | D:2      | Reached skill level 4 in Axes
  1379 | D:2      | HP: 2/21 [acid (5)]
  1379 | D:2      | Slain by a jelly

Levels and vault maps discovered:
D:1:      giann_forest_graveyard, layout_basic,
          hellmonk_ecumenical_altar_blasted, minmay_parallelograms
D:2:      cheibrodos_fertilizer, layout_basic

Skill      XL: |  1  2  3 |
---------------+----------+-----
Axes           | 3 4 |  4.1
Fighting       | |  2.0
Throwing       | |  1.0
Armour         | |  1.1
Dodging        | |  2.1
Spellcasting   | |  2.0
Translocations | |  2.4

Action                   || total
-------------------------++-------
Melee: Hand axe          ||    59
       Kick              ||    16
       Peck              ||    11
Throw: Boomerang         ||     7
  Use: Scroll            ||     2
Armor: Leather armour    ||     5
       Scale mail        ||    14
Dodge: Dodged            ||    24

Table legend:
 A = Non-vault XP
 B = Vault XP
 C = Vault XP percentage of total XP
 D = Non-vault monster count
 E = Vault monster count
 F = Vault count percentage of total count
                 A         B        C        D         E       F
            +---------+---------+-------+---------+---------+-------
      Total |      46 |      10 |  17.9 |      17 |       7 |  29.2
            +---------+---------+-------+---------+---------+-------
        D:1 |      28 |       0 |   0.0 |      10 |       0 |   0.0
        D:2 |      18 |      10 |  35.7 |       7 |       7 |  50.0
            +---------+---------+-------+---------+---------+-------
